Map: Deathaura LE

Players

zuka

  • Race: Protoss Protoss
  • League: Master
  • Spawn Location: 5:00

A.I. 1 (Very Easy) - Winner!

  • Race: Protoss Protoss
  • Spawn Location: 11:00

VOD

Have the link to the VOD?

Description

Time

  • Played on: Sept. 20, 2020, 5:18 p.m.
  • Length: 3:06
Show
View Real Time Build Order
Export as new Build Order

zuka Protoss 

Build Orders: 1 Gate Expand 

Get SALT Encoding   

  12  0:00  Probe  
  13  0:13  Probe  
  14  0:17  Pylon  
  14  0:25  Probe (Chrono Boost)  
  16  0:37  Probe (Chrono Boost)  
  16  0:38  Gateway  
  16  0:42  Probe (Chrono Boost)  
  16  0:46  Assimilator  
  17  0:52  Probe  
  18  1:04  Probe  
  19  1:16  Probe  
  20  1:23  Nexus  
  20  1:33  Cybernetics Core  
  20  1:36  Probe (Chrono Boost)  
  21  1:42  Assimilator  
  21  1:46  Probe (Chrono Boost)  
  22  1:52  Pylon  
  22  1:54  Probe  
  23  2:08  Stalker (Chrono Boost)  
  23  2:10  Probe  
  26  2:20  Robotics Facility  
  26  2:22  Probe  
  27  2:34  Probe  
  28  2:37  Probe  
  29  2:46  Probe  
  29  2:49  Probe  
Show
View Real Time Build Order
Export as new Build Order

A.I. 1 (Very Easy) Protoss - Winner!

Build Orders:  

Get SALT Encoding   

  12  0:00  Probe  
  13  0:13  Probe  
  14  0:20  Pylon  
  14  0:36  Assimilator  
  14  0:44  Gateway  
  14  0:47  Pylon  
  14  1:13  Assimilator  
  14  1:24  Probe  
  14  1:25  Zealot  
  14  1:32  Probe  
  15  1:34  Cybernetics Core  
  18  1:42  Probe  
  19  1:54  Probe  
  20  2:02  Probe  
  21  2:10  Probe  
Tags
 
League
Master
Matchup
PvP
Spawn Locations
Cross Positions
Add a new tag
Caveats
  • Supply blocks, unpowered buildings, or Contaminate may cause inaccurate times.
  • Supply counts are checked every 10 seconds.